 Dungeon Crawl Stone Soup version 0.26-a0-812-g31a745ddcd (webtiles) character file.

Game seed: 10029519380779205351

500 vurker the Magician (level 6, -2/30 HPs)
             Began as a Spriggan Ice Elementalist on Nov 18, 2020.
             Was an Initiate of Vehumet.
             Slain by Blork the orc
             ... wielding a +0 long sword
              (13 damage)
             ... on level 4 of the Dungeon.
             The game lasted 00:07:18 (4351 turns).

vurker the Magician (Spriggan Ice Elementalist)     Turns: 4351, Time: 00:07:18

Health: -2/30      AC:  4    Str:  4    XL:     6   Next: 94%
Magic:  9/15       EV: 18    Int: 19    God:    Vehumet [......]
Gold:   224        SH:  0    Dex: 16    Spells: 3/15 levels left

rFire    . . .     SeeInvis +   n - +1 dagger (venom)
rCold    . . .     Faith    .   (shield restricted)
rNeg     . . .     Spirit   .   a - +0 robe
rPois    .         Reflect  .   (helmet restricted)
rElec    .         Harm     .   h - +1 cloak
rCorr    .         Rampage  .   (gloves unavailable)
MR       +....                  (boots unavailable)
Stlth    ++........             (no amulet)
HPRegen  0.10/turn              (no ring)
MPRegen  0.14/turn              (no ring)

@: frozen ramparts, very quick
A: very small, unfitting armour, see invisible, speed 3
a: Renounce Religion


You were on level 4 of the Dungeon.
You worshipped Vehumet.
Vehumet was noncommittal.
You visited 1 branch of the dungeon, and saw 4 of its levels.

You collected 224 gold pieces.

Inventory:

Hand Weapons
 n - a +1 dagger of venom (weapon)
   (You took it off an orc on level 3 of the Dungeon)
Armour
 a - a +0 robe (worn)
 h - a +1 cloak (worn)
   (You took it off Crazy Yiuf on level 2 of the Dungeon)
Jewellery
 d - an uncursed ring of stealth {unknown}
   (You found it on level 2 of the Dungeon)
Scrolls
 b - 6 scrolls of identify {unknown}
 e - 3 scrolls of remove curse {unknown}
 k - a scroll of fog {unknown}
 l - a scroll of magic mapping {unknown}
 o - a scroll of fear {unknown}
 p - 2 scrolls of teleportation {unknown}
Potions
 c - a potion of ambrosia {unknown}
 f - 2 potions of might {unknown}
 g - a potion of magic {unknown}
 i - a potion of heal wounds {unknown}
 j - a potion of attraction {unknown}
 m - 2 potions of curing {unknown}
 q - a potion of degeneration {unknown}


   Skills:
 + Level 2.0 Fighting
 - Level 3.0 Dodging
 - Level 3.0 Stealth
 * Level 5.4 Spellcasting
 * Level 1.7 Conjurations
 * Level 1.7 Summonings
 * Level 4.6 Ice Magic


You had 3 spell levels left.
You knew the following spells:

 Your Spells              Type           Power        Failure   Level
a - Freeze                Ice            ###.         1%          1
b - Frozen Ramparts       Ice            ###...       5%          3
c - Hailstorm             Conj/Ice       ###.....     32%         4
d - Summon Ice Beast      Ice/Summ       ###.....     32%         4

Your spell library contained the following spells:

 Spells                   Type           Power        Failure   Level
 Ozocubu's Armour         Ice            ###.....     5%          3


Dungeon Overview and Level Annotations

Branches:
Dungeon (4/15)
 Temple: D:4-7

Altars:
Nemelex Xobeh
Ru
Vehumet
Zin

Shops:
D:4 (

Portals:
Ossuary: D:4

Annotations:
D:4 Blork the orc


Innate Abilities, Weirdness & Mutations

You are very small and have problems with some larger weapons.
You are too small for most types of armour.
You have supernaturally acute eyesight. (SInv)
You cover ground extremely quickly.


Message History

Blork the orc points at you and mumbles some strange words.
The puff of frost hits you!
The goblin zombie completely resists.
The wall freezes the goblin zombie but do no damage.
The goblin zombie misses you.
The quokka zombie completely resists.
The wall freezes the quokka zombie but do no damage.
The quokka zombie misses you.
You hit the quokka zombie.
The wall freezes Blork the orc. x2
The quokka zombie completely resists.
The wall freezes the quokka zombie but do no damage.
The quokka zombie closely misses you.
The goblin zombie completely resists.
The wall freezes the goblin zombie but do no damage.
The goblin zombie misses you.
You barely miss the quokka zombie.
The wall freezes Blork the orc.
The quokka zombie resists.
The wall freezes the quokka zombie.
The quokka zombie barely misses you.
You hit Blork the orc but do no damage.
Blork the orc is poisoned.
The wall freezes Blork the orc.
Blork the orc misses you.
The goblin zombie completely resists.
The wall freezes the goblin zombie but do no damage.
The goblin zombie hits you but does no damage.
The quokka zombie completely resists.
The wall freezes the quokka zombie but do no damage.
The quokka zombie closely misses you.
The wall freezes Blork the orc.
Blork the orc screams, "I'm going to kill you!"
Blork the orc closely misses you.
You barely miss Blork the orc.
The frozen ramparts melt away.
The goblin zombie misses you.
Blork the orc hits you with a +0 long sword.
The quokka zombie bites you.
You hit Blork the orc.
Blork the orc looks as sick as possible!
Blork the orc points at you and mumbles some strange words.
The puff of flame hits you.
* * * LOW HITPOINT WARNING * * *
The goblin zombie closely misses you. The quokka zombie bites you.
* * * LOW HITPOINT WARNING * * *
The walls around you are covered in ice.
The wall freezes Blork the orc.
Blork the orc closely misses you.
The quokka zombie resists.
The wall freezes the quokka zombie.
You destroy the quokka zombie!
Vehumet accepts your kill.
The goblin zombie resists.
The wall freezes the goblin zombie.
The goblin zombie hits you but does no damage.
The wall freezes Blork the orc.
Blork the orc closely misses you.
You hit Blork the orc but do no damage.
Blork the orc looks as sick as possible!
The wall freezes Blork the orc.
Blork the orc hits you with a +0 long sword!
You die...

....... ####....o..
#.....o....
###.##..o....
#............
#.#####.###)###...
#.......# #)# #..
#.#.###.#.#o#.#.##
#...#..@Z.#..
#...#..∩..#.####
###.#######....#
#...).......##.#########
#..$..#..#.###..........
#######....# ###########
....### ####.# #..


You could see Blork the orc (fast, extremely poisoned) and a goblin zombie.

Vanquished Creatures
  An ogre (D:4)
  Crazy Yiuf (D:2)
  2 orc priests
  2 orc wizards
  2 iguanas (D:4)
  A worker ant (D:4)
  3 gnolls (D:3)
  4 adders
  3 oozes
  A dart slug (D:1)
  3 leopard geckos
  18 orcs
  A ball python (D:3)
  11 bats
  5 giant cockroaches
  11 goblins
  6 hobgoblins
  A quokka (D:3)
  3 frilled lizards
  A giant cockroach zombie (D:3)
  14 kobolds
  A quokka skeleton (D:4)
  A quokka zombie (D:4)
  5 rats
101 creatures vanquished.

Vanquished Creatures (others)
  2 fungi (D:2)
2 creatures vanquished.

Grand Total: 103 creatures vanquished

Notes
Turn   | Place    | Note
-------+----------+-------------------------------------------
     0 | D:1      | vurker the Spriggan Ice Elementalist began the quest for
                  | the Orb.
     0 | D:1      | Reached XP level 1. HP: 9/9 MP: 5/5
   161 | D:1      | Reached skill level 3 in Spellcasting
   263 | D:1      | Reached XP level 2. HP: 13/13 MP: 5/7
   866 | D:1      | Reached XP level 3. HP: 17/17 MP: 5/8
  1107 | D:2      | Learned a level 3 spell: Frozen Ramparts
  1153 | D:2      | Reached skill level 1 in Fighting
  1521 | D:2      | Reached XP level 4. HP: 22/22 MP: 7/10
  1599 | D:2      | Reached skill level 4 in Spellcasting
  1949 | D:2      | Found a runed translucent door.
  1950 | D:2      | Noticed Crazy Yiuf
  2000 | D:2      | Killed Crazy Yiuf
  2387 | D:3      | Learned a level 4 spell: Hailstorm
  2536 | D:3      | Reached XP level 5. HP: 16/25 MP: 4/12
  2710 | D:3      | Learned a level 4 spell: Summon Ice Beast
  2745 | D:3      | Found a sacrificial altar of Ru.
  2767 | D:3      | Reached skill level 1 in Conjurations
  3396 | D:3      | Found a sparkling altar of Nemelex Xobeh.
  3560 | D:3      | Found a glowing silver altar of Zin.
  3568 | D:3      | Found a radiant altar of Vehumet.
  3580 | D:3      | Became a worshipper of Vehumet
  3686 | D:4      | Reached skill level 1 in Summonings
  3686 | D:4      | Reached XP level 6. HP: 30/30 MP: 7/14
  3769 | D:4      | Reached skill level 5 in Spellcasting
  4160 | D:4      | Found Jumeshof's Weapon Shoppe.
  4332 | D:4      | Found a sand-covered staircase.
  4333 | D:4      | Noticed Blork the orc
  4351 | D:4      | Slain by Blork the orc

Illustrated notes

Levels and vault maps discovered:
D:1:      dpeg_arrival_water_temple_mockup, layout_rooms
D:2:      layout_rooms, kennysheep_pointless_box, uniq_crazy_yiuf_cottage
D:3:      layout_loops_cross, nicolae_ru_great_annihilating_truth,
          overflow_temple_1_default, zin_scriptorium, nemelex_dance_club_becter
D:4:      layout_basic, serial_shops, shop, enter_ossuary_4, uniq_blork_the_orc

Skill      XL: |  1  2  3  4  5  6 |
---------------+-------------------+-----
Spellcasting   | 3 4 5 |  5.4
Fighting       | 1 2 |  2.0
Ice Magic      | 4 |  4.6
Conjurations   | 1 |  1.7
Summonings     | 1 |  1.7
Dodging        | |  3.0
Stealth        | |  3.0

Action                   |  1- 3 |  4- 6 || total
-------------------------+-------+-------++-------
Melee: Unarmed           |     1 |       ||     1
       Dagger            |    13 |    74 ||    87
 Cast: Freeze            |    58 |    36 ||    94
       Frozen Ramparts   |     3 |    22 ||    25
 Stab: Sleeping          |     1 |     4 ||     5
Armor: Robe              |     7 |     8 ||    15
Dodge: Dodged            |    61 |    73 ||   134

Table legend: (Time is in decaauts)
 A = Elapsed time spent in this place.
 B = Non-inter-level travel time spent in this place.
 C = Inter-level travel time spent in this place.
 D = Time resting spent in this place.
 E = Time spent auto-exploring this place.
 F = Levels seen in this place.
 G = Mean time per level.
                   A        B        C        D        E       F      G
               +--------+--------+--------+--------+--------+-----+--------+
         Total |   3480 |   3382 |     98 |      0 |   2742 |   4 |  870.0 |
       Dungeon |   3480 |   3382 |     98 |      0 |   2742 |   4 |  870.0 |
               +--------+--------+--------+--------+--------+-----+--------+

Top non-repeatable levels by time:
     D:3: 1054 daAuts
     D:1: 987 daAuts
     D:2: 891 daAuts
     D:4: 546 daAuts
